 Dungeon Crawl Stone Soup version 0.32-a0-900-g30fb1b0edc (webtiles) character file.

Game seed: 14821755677952346427

44 pants the Cutter (level 3, -1/19 HPs)
             Began as a Spriggan Chaos Knight on Jan 18, 2024.
             Was a Plaything of Xom.
             Succumbed to their own dark miasma
             ... on level 2 of the Dungeon on Apr 5, 2024.
             The game lasted 00:06:34 (1109 turns).

pants the Cutter (Spriggan Chaos Knight)            Turns: 1109, Time: 00:06:35

Health: -1/19      AC:  4    Str:  8    XL:     3   Next: 39%
Magic:  4/4        EV: 17    Int: 13    God:    Xom [..*...]
Gold:   92         SH:  0    Dex: 16    Spells: 2/2 levels left

rFire   . . .        a - +0 short sword (chaos)
rCold   . . .        (no shield)
rNeg    . . .        b - +2 robe
rPois   .            (helmet restricted)
rElec   .            (no cloak)
rCorr   .            (gloves unavailable)
SInv    +            (boots unavailable)
Will    .....        (no amulet)
Stlth   +            (no ring)
HPRegen 0.23/turn    (no ring)
MPRegen 0.09/turn

%: no passive effects
@: lethally poisoned (-1 -> -17), very quick
A: very small, no large weapons, unfitting armour, see invisible, speed 3
a: Renounce Religion


You were on level 2 of the Dungeon.
You worshipped Xom.
You were a toy of Xom.
You visited 1 branch of the dungeon, and saw 2 of its levels.

You collected 92 gold pieces.

Inventory:

Hand Weapons
 a - a +0 short sword of chaos (weapon)
Armour
 b - a +2 robe (worn)
Talismans
 k - a serpent talisman
Scrolls
 c - a scroll of butterflies
 d - 2 scrolls of identify {unknown}
 h - a scroll of brand weapon {unknown}
Potions
 e - a potion of curing {unknown}
 f - a potion of invisibility {unknown}
 g - a potion of degeneration {unknown}
 i - a potion of heal wounds {unknown}
 j - a potion of enlightenment {unknown}


   Skills:
 + Level 2.8 Fighting
 + Level 4.2 Short Blades
 + Level 3.7 Dodging


You had 2 spell levels left.
You didn't know any spells.
Your spell library contained the following spells:

 Spells                   Type           Power      Damage    Failure   Level
 Sting                    Conj/Alch      0%         1d3       30%         1
 Mercury Vapours          Alch/Air       0%         N/A       43%         2
 Mephitic Cloud           Conj/Alch/Air  0%         N/A       67%         3
 Olgreb's Toxic Radiance  Alch           0%         N/A       97%         4
 Freezing Cloud           Conj/Ice/Air   0%         6-21      100%        5


Dungeon Overview and Level Annotations

Branches:
Dungeon (2/15)

Altars:


Innate Abilities, Weirdness & Mutations

You are very small and have problems with some larger weapons.
You are too small for most types of armour.
You have supernaturally acute eyesight. (SInv)
You cover ground extremely quickly. (Speed+++)


Message History

The jackal barely misses you.
The jackal barks!
You hit the jackal.
The jackal is heavily wounded.
The jackal closely misses you. The jackal completely misses you.
You miss the jackal. The jackal closely misses you.
The jackal completely misses you. The jackal misses you.
You barely miss the jackal.
The jackal is heavily wounded.
The jackal closely misses you. The jackal barely misses you.
The jackal bites you but does no damage.
You hit the jackal.
The jackal seems to grow stronger.
The jackal is heavily wounded.
The jackal misses you. The jackal bites you.
You barely miss the jackal.
The jackal is heavily wounded.
The jackal completely misses you. The jackal closely misses you.
You hit the jackal.
The jackal is poisoned.
The jackal is severely wounded.
The jackal completely misses you.
The jackal bites you but does no damage.
You completely miss the jackal.
The jackal is heavily wounded.
You kill the jackal!
The jackal completely misses you.
You completely miss the jackal.
The jackal is moderately wounded.
The jackal closely misses you. The jackal barely misses you.
You see here a jackal corpse.
You are engulfed in dark miasma.
You are lethally poisoned!
You feel very sick. The jackal misses you.
* * * LOW HITPOINT WARNING * * *
You feel very sick.
* * * LOW HITPOINT WARNING * * *
You feel very sick.
You die...
Xom howls with laughter!

#.## #...
#..# ..# #
#.###○##.#
#...h○§..#
#.###§####
#○##########
#@.........#
##########.#
#.# #.# #.#
#.# #.#
######.#
#####......##


You could see a jackal (strong).

Vanquished Creatures
  An adder (D:2)
  A dart slug (D:1)
  A ball python (D:1)
  3 bats
  3 endoplasms (D:1)
  A giant cockroach (D:1)
  4 goblins (D:1)
  4 hobgoblins (D:1)
  2 jackals (D:2)
  A quokka (D:1)
  3 frilled lizards (D:1)
  3 kobolds (D:1)
  3 rats (D:1)
30 creatures vanquished.

Notes
Turn   | Place    | Note
-------+----------+-------------------------------------------
     0 | D:1      | pants the Spriggan Chaos Knight began the quest for the
                  | Orb.
     0 | D:1      | Reached XP level 1. HP: 11/11 MP: 2/2
   162 | D:1      | Upgraded the game from 0.32-a0-22-g6ae6769602 to
                  | 0.32-a0-900-g30fb1b0edc
   172 | D:1      | Reached XP level 2. HP: 12/16 MP: 3/3
   292 | D:1      | XOM: butterfly on damage
   460 | D:1      | Reached XP level 3. HP: 15/19 MP: 4/4
   863 | D:1      | XOM is BORED!
   863 | D:1      | XOM: silly message
   983 | D:1      | XOM: silly message
  1001 | D:1      | XOM: scenery: summon butterflies
  1046 | D:2      | Reached skill level 4 in Short Blades
  1063 | D:2      | XOM: cloud trail
  1092 | D:2      | XOM: smoke on damage
  1109 | D:2      | Succumbed to their own dark miasma

Illustrated notes

Levels and vault maps discovered:
D:1:      tarquinn_simple_flora_water_f, layout_loops_ring,
          minmay_misc_feat_hallway
D:2:      layout_loops_ring, nicolae_shop_vocational

Skill      XL: |  1  2  3 |
---------------+----------+-----
Short Blades   | 4 |  4.2
Fighting       | |  2.8
Dodging        | |  3.7

Action                     || total
---------------------------++-------
  Melee: Short sword       ||    85
 Armour: Robe              ||    28
  Dodge: Dodged            ||    51

Table legend: (Time is in decaauts)
 A = Elapsed time spent in this place.
 B = Non-inter-level travel time spent in this place.
 C = Inter-level travel time spent in this place.
 D = Time resting spent in this place.
 E = Time spent auto-exploring this place.
 F = Levels seen in this place.
 G = Mean time per level.
                   A        B        C        D        E       F      G
               +--------+--------+--------+--------+--------+-----+--------+
         Total |    771 |    771 |      0 |    178 |    247 |   2 |  385.5 |
       Dungeon |    771 |    771 |      0 |    178 |    247 |   2 |  385.5 |
               +--------+--------+--------+--------+--------+-----+--------+

Top non-repeatable levels by time:
     D:1: 703 daAuts
     D:2: 67 daAuts
